 Dungeon Crawl Stone Soup version 0.21.1-1-g345015fe64 (webtiles) character file.

57 KleinerIrrer the Chopper (level 4, -5/39 HPs)
             Began as a Naga Gladiator on Apr 4, 2018.
             Slain by Grinder (8 damage)
             ... on level 3 of the Dungeon.
             The game lasted 00:00:20 (1530 turns).

KleinerIrrer the Chopper (Naga Gladiator)           Turns: 1530, Time: 00:00:20

Health: -5/39      AC:  4    Str: 18    XL:     4   Next: 0%
Magic:  4/4        EV:  4    Int:  8    God:
Gold:   132        SH: 12    Dex: 12    Spells: 3/3 levels left

rFire    . . .     SeeInvis +   Y - +0 war axe
rCold    . . .     Gourm    .   h - +0 large shield
rNeg     . . .     Faith    .   m - +0 ring mail
rPois    +         Spirit   .   c - +0 helmet
rElec    .         Reflect  .   (no cloak)
rCorr    .         Harm     .   (no gloves)
MR       .....                  (no barding)
Stlth    +.........             (no amulet)
HPRegen  0.13/turn              (no ring)
MPRegen  0.09/turn              (no ring)

@: very slow
A: large, see invisible, deformed body, poison resistance, slowness 2, slow
metabolism 1, spit poison 1, AC +1
a: Spit Poison


You were on level 3 of the Dungeon.
You were not hungry.

You visited 1 branch of the dungeon, and saw 3 of its levels.

You collected 132 gold pieces.


Innate Abilities, Weirdness & Mutations

You cannot wear boots.
Your serpentine skin is tough. (AC +1)
You have supernaturally acute eyesight. (SInv)
Armour fits poorly on your strangely shaped body.
Your system is resistant to poisons. (rPois)
You cover ground very slowly.
You have a slow metabolism.
You can spit poison.


   Skills:
 - Level 2.0 Fighting
 + Level 4.5 Axes
 - Level 1.7 Throwing
 - Level 2.4 Dodging
 - Level 1.0 Shields


You had 3 spell levels left.
You didn't know any spells.

Inventory:

Hand Weapons
 d - a cursed -2 flail
 Y - a +0 war axe (weapon)
Armour
 c - a +0 helmet (worn)
 h - a +0 large shield (worn)
 m - a +0 ring mail (worn)
Scrolls
 b - a scroll of enchant weapon {unknown}
 k - a scroll of identify
Potions
 e - a potion of brilliance {unknown}
 g - a potion of flight {unknown}
 l - a potion of curing
 n - a potion of resistance {unknown}
Comestibles
 a - 5 chunks of flesh
 f - 4 rations

Dungeon Overview and Level Annotations

Branches:
Dungeon (3/15)

Altars:

Annotations:
D:3 Grinder


Message History

Grinder hits you.
You writhe in agony.
Grinder gestures at you.
You suddenly lose the ability to move!
Grinder hits you. Grinder hits you but does no damage. Grinder gestures at you.
You shrug off the repeated paralysis!
Grinder hits you.
You writhe in agony.
Grinder hits you.
You writhe in agony.
You can move again.
You closely miss Grinder.
Grinder is lightly wounded.
You block Grinder's attack.
You barely miss Grinder.
Grinder is lightly wounded.
Grinder hits you but does no damage.
You closely miss Grinder.
Grinder is lightly wounded.
You block Grinder's attack. Grinder hits you!
You die...

#.# #.. #.# # #.# .# #
##.########.#.#
########..............
##...........(..$...#.#
......................##
##.######.......@5......
#.##.........#.).....##
#.#..........#.#....[#
#.#..........#.#.....#
#.#..........#.#.....#
#.#..........#.#..<....
#.#..........#.#####.#.
#.#..........#.# .#
#.#..........#


You could see Grinder.

Vanquished Creatures
  A worm (D:2)
  2 dart slugs
  2 leopard geckos
  5 giant cockroaches
  3 goblins
  5 hobgoblins
  4 jackals (D:1)
  2 quokkas (D:2)
  A ball python (D:1)
  6 bats
  A frilled lizard (D:1)
  5 kobolds
  6 rats
43 creatures vanquished.

Notes
Turn   | Place    | Note
-------+----------+-------------------------------------------
     0 | D:1      | KleinerIrrer the Naga Gladiator began the quest for the Orb.
     0 | D:1      | Reached XP level 1. HP: 19/19 MP: 1/1
     0 | D:1      | 0 ||| counter = 25
    18 | D:1      | 18 ||| INVOKING Spit Poison.
    42 | D:1      | HP: 4/19 [giant cockroach (1)]
    43 | D:1      | Reached XP level 2. HP: 6/26 MP: 2/2
   297 | D:1      | 297 ||| INVOKING Spit Poison.
   298 | D:1      | 298 ||| INVOKING Spit Poison.
   309 | D:1      | 309 ||| INVOKING Spit Poison.
   310 | D:1      | 310 ||| INVOKING Spit Poison.
   319 | D:1      | 319 ||| INVOKING Spit Poison.
   361 | D:1      | 361 ||| INVOKING Spit Poison.
   362 | D:1      | 362 ||| INVOKING Spit Poison.
   390 | D:1      | 390 ||| INVOKING Spit Poison.
   391 | D:1      | 391 ||| DROPPING club.
   490 | D:1      | 490 ||| INVOKING Spit Poison.
   490 | D:1      | Reached skill level 4 in Axes
   580 | D:1      | 580 ||| INVOKING Spit Poison.
   580 | D:1      | Reached XP level 3. HP: 32/32 MP: 3/3
   648 | D:1      | 648 ||| INVOKING Spit Poison.
   664 | D:1      | 664 ||| INVOKING Spit Poison.
   675 | D:1      | 675 ||| INVOKING Spit Poison.
   676 | D:1      | 676 ||| INVOKING Spit Poison.
   680 | D:1      | 680 ||| INVOKING Spit Poison.
   777 | D:1      | 777 ||| UPGRADING to large shield.
   782 | D:1      | 782 ||| UPGRADING to ring mail.
   792 | D:1      | 792 ||| DROPPING +0 leather armour.
   793 | D:1      | 793 ||| READING scroll labeled ENAOSTROSHRO.
   794 | D:1      | 794 ||| READING scroll labeled RYIRAO NEOTAQ.
   795 | D:1      | 795 ||| READING 3 scrolls labeled LELAIRCHOTH.
   796 | D:1      | 796 ||| READING scroll labeled TOYS JABEUMN.
   797 | D:1      | 797 ||| READING 2 scrolls of identify.
   797 | D:1      | 797 ||| IDENTIFYING grey potion
   798 | D:1      | 798 ||| DROPPING 3 throwing nets.
   852 | D:2      | 852 ||| INVOKING Spit Poison.
   874 | D:2      | 874 ||| INVOKING Spit Poison.
   887 | D:2      | 887 ||| INVOKING Spit Poison.
   901 | D:2      | 901 ||| INVOKING Spit Poison.
   941 | D:2      | 941 ||| DROPPING mace.
   964 | D:2      | 964 ||| INVOKING Spit Poison.
   985 | D:2      | 985 ||| INVOKING Spit Poison.
   991 | D:2      | 991 ||| INVOKING Spit Poison.
   994 | D:2      | 994 ||| INVOKING Spit Poison.
  1023 | D:2      | 1023 ||| INVOKING Spit Poison.
  1024 | D:2      | 1024 ||| INVOKING Spit Poison.
  1024 | D:2      | Reached skill level 1 in Shields
  1052 | D:2      | 1052 ||| INVOKING Spit Poison.
  1119 | D:2      | 1119 ||| INVOKING Spit Poison.
  1205 | D:2      | 1205 ||| INVOKING Spit Poison.
  1206 | D:2      | 1206 ||| INVOKING Spit Poison.
  1207 | D:2      | 1207 ||| INVOKING Spit Poison.
  1211 | D:2      | 1211 ||| INVOKING Spit Poison.
  1350 | D:2      | 1350 ||| READING scroll labeled DEOCEA WEZO.
  1385 | D:3      | 1385 ||| INVOKING Spit Poison.
  1413 | D:3      | 1413 ||| INVOKING Spit Poison.
  1434 | D:3      | 1434 ||| INVOKING Spit Poison.
  1435 | D:3      | 1435 ||| INVOKING Spit Poison.
  1481 | D:3      | 1481 ||| INVOKING Spit Poison.
  1482 | D:3      | 1482 ||| INVOKING Spit Poison.
  1489 | D:3      | 1489 ||| INVOKING Spit Poison.
  1506 | D:3      | Noticed Grinder
  1508 | D:3      | Paralysed by Grinder for 4 turns
  1514 | D:3      | Reached XP level 4. HP: 30/39 MP: 4/4
  1522 | D:3      | Paralysed by Grinder for 6 turns
  1526 | D:3      | HP: 8/39 [Grinder (5)]
  1527 | D:3      | HP: 2/39 [Grinder (2)]
  1530 | D:3      | Slain by Grinder

Vault maps used:
D:1:      ncdulo_wetmaze
D:2:      first_ration, minmay_tromino_i4
D:3:      uniq_ijyb, uniq_grinder

Skill      XL: |  1  2  3 |
---------------+----------+-----
Axes           | 4 |  4.5
Shields        | 1 |  1.0
Fighting       | |  2.0
Throwing       | |  1.7
Dodging        | |  2.4

Action                   |  1- 3 |  4- 6 || total
-------------------------+-------+-------++-------
Melee: War axe           |    85 |    10 ||    95
 Abil: Spit Poison       |    30 |       ||    30
  Use: Scroll            |     6 |       ||     6
  Eat: Chunk             |     3 |       ||     3
Armor: Leather armour    |    10 |       ||    10
       Ring mail         |    21 |     2 ||    23
Dodge: Dodged            |    39 |     3 ||    42
Block: Large shield      |    25 |     4 ||    29

Table legend:
 A = Spawn XP
 B = Non-spawn XP
 C = Spawn XP percentage of total XP
 D = Spawn monster count
 E = Non-spawn monster count
 F = Spawn count percentage of total count
 G = Total turns spent on level
                    A         B        C        D         E        F      G
               +---------+---------+-------+---------+---------+-------+---------
         Total |       0 |      82 |   0.0 |       0 |      43 |   0.0 |  1530
               +---------+---------+-------+---------+---------+-------+---------
           D:1 |       0 |      40 |   0.0 |       0 |      22 |   0.0 |   805
           D:2 |       0 |      33 |   0.0 |       0 |      15 |   0.0 |   575
           D:3 |       0 |       9 |   0.0 |       0 |       6 |   0.0 |   150
               +---------+---------+-------+---------+---------+-------+---------
